[Event "Titled Tuesday Blitz July 11 Late 2023"]
[White "Ricaurte Lopez, Juan Carlos"]
[Black "Shapiro, Daniel"]
[WhiteFideId "3600327"]
[BlackFideId "2001780"]
[WhiteElo "2131"]
[BlackElo "2322"]
[Result "1-0"]
[Round "8"]
[TimeControl "180+2"]
[Date "2023.07.11"]
[WhiteClock "0:00:53"]
[BlackClock "0:00:00"]
[Board "125"]

1. e4 e5 2. d4 exd4 3. Qxd4 Nc6 4. Qe3 Nf6 5. Nc3 Bb4 6. Bd2 O-O 7. O-O-O Re8 8. Bc4 Ba5 9. Qf4 Bxc3 10. Bxc3 Rxe4 11. Bxf6 Rxf4 12. Bxd8 Rxc4 13. Bxc7 Nb4 14. Bd6 Nxc2 15. Kb1 Rc6 16. Nf3 a5 17. Rd2 Nb4 18. Re1 h6 19. Re8+ Kh7 20. Ne5 Rb6 21. Nxf7 Rc6 22. Ne5 Rca6 23. h4 h5 24. Nf3 b5 25. Re7 Bb7 26. Ng5+ Kg6 27. f3 Rf8 28. Be5 Rg8 29. Rdxd7 Nc6 30. Rxb7 Nxe5 31. Rxe5 Kf6 32. f4 1-0


[Site "https://www.chess.com"]

[Event "Titled Tuesday Blitz July 11 Late 2023"]
[White "The_Straightforward_Rook"]
[Black "Burke, Paul"]
[BlackFideId "2605767"]
[WhiteElo "2315"]
[BlackElo "1918"]
[Result "1-0"]
[Round "8"]
[TimeControl "180+2"]
[Date "2023.07.11"]
[WhiteClock "0:00:56"]
[BlackClock "0:00:00"]
[Board "126"]

1. e4 e5 2. Nf3 Nc6 3. Bc4 Be7 4. d3 d6 5. a4 Nf6 6. a5 O-O 7. Nbd2 Be6 8. c3 d5 9. exd5 Nxd5 10. O-O Nf4 11. a6 b6 12. Bxe6 Nxe6 13. Nc4 f6 14. b4 Kh8 15. Re1 Qd5 16. Ne3 Qd7 17. Qb3 Nf4 18. d4 Nd3 19. Rd1 Nxc1 20. Raxc1 exd4 21. Nxd4 Nxd4 22. Rxd4 Qc6 23. Nd5 Bd6 24. c4 Qe8 25. Rh4 f5 26. Qc3 Qe5 27. Qxe5 Bxe5 28. Kf1 c6 29. Ne3 Bf6 30. Rh3 g6 31. Rd1 Rad8 32. Ke2 Rxd1 33. Kxd1 Rd8+ 34. Kc2 f4 35. Ng4 Bg7 36. Rd3 Rxd3 37. Kxd3 Kg8 38. f3 Kf7 39. b5 c5 40. Ke4 Ke6 41. Nf2 g5 42. h3 Bd4 43. Nd3 Be3 44. Ne5 Bd4 45. Nc6 Kd7 46. Nxa7 Kc7 47. Nc6 1-0


[Site "https://www.chess.com"]

[Event "Titled Tuesday Blitz July 11 Late 2023"]
[White "Upper, John"]
[Black "Guzman Moneo, Alberto"]
[WhiteFideId "2606437"]
[BlackFideId "2209616"]
[WhiteElo "2005"]
[BlackElo "2384"]
[Result "0-1"]
[Round "8"]
[TimeControl "180+2"]
[Date "2023.07.11"]
[WhiteClock "0:00:16"]
[BlackClock "0:01:43"]
[Board "127"]

1. Nf3 f5 2. b3 Nf6 3. Bb2 d6 4. d4 g6 5. Nbd2 Bg7 6. e3 O-O 7. h4 h6 8. Bc4+ e6 9. Qe2 d5 10. Bd3 Nc6 11. a3 Ne4 12. O-O-O a5 13. Rdg1 a4 14. g4 axb3 15. cxb3 Kh7 16. Ne5 Nxe5 17. dxe5 Qe7 18. f4 Rxa3 19. Bxe4 fxe4 20. g5 h5 21. Bxa3 Qxa3+ 22. Kb1 Bd7 23. Kc2 Qc5+ 24. Kb2 Bb5 25. Qe1 Ra8 26. Nb1 Bd3 27. Qc3 Qxe3 28. Rg2 Qxf4 0-1


[Site "https://www.chess.com"]

[Event "Titled Tuesday Blitz July 11 Late 2023"]
[White "UgarteCesar"]
[Black "Balla, Tamas-Kristof"]
[BlackFideId "1208497"]
[WhiteElo "2191"]
[BlackElo "2368"]
[Result "0-1"]
[Round "8"]
[TimeControl "180+2"]
[Date "2023.07.11"]
[WhiteClock "0:00:01"]
[BlackClock "0:00:36"]
[Board "128"]

1. c4 c5 2. Nc3 Nc6 3. g3 g6 4. Bg2 Bg7 5. e3 e6 6. Nge2 Nge7 7. O-O O-O 8. d4 cxd4 9. Nxd4 d5 10. cxd5 Nxd4 11. exd4 Nxd5 12. Nxd5 exd5 13. Be3 Be6 14. Qb3 Qd7 15. Rfc1 Rac8 16. a4 Rfd8 17. a5 a6 18. Qb6 Bh3 19. Bxh3 Qxh3 20. Rc5 Qd7 21. Rac1 Rxc5 22. Qxc5 Bf8 23. Qc7 Bd6 24. Qxd7 Rxd7 25. Bh6 f6 26. Rc8+ Kf7 27. Bd2 Ke6 28. Kg2 Kf5 29. f3 g5 30. h3 Rc7 31. Rxc7 Bxc7 32. g4+ Ke6 33. Kf2 Kd6 34. Ke2 Kc6 35. Kd3 Kb5 36. b4 Bd6 37. Bc1 Bxb4 38. f4 gxf4 39. Bxf4 Bxa5 40. Bd6 Bd8 41. Ke3 Kc4 42. h4 b5 43. Bc5 b4 44. Kd2 a5 45. Kc2 a4 46. Kb2 a3+ 47. Ka2 f5 48. gxf5 Bxh4 49. Bf8 Bf6 50. Bc5 h5 51. Kb1 Kb3 52. Bd6 a2+ 53. Ka1 Bxd4# 0-1


[Site "https://www.chess.com"]

[Event "Titled Tuesday Blitz July 11 Late 2023"]
[White "Weisz, Bryan"]
[Black "Gazola, Vanessa Ramos"]
[WhiteFideId "30934133"]
[BlackFideId "2112590"]
[WhiteElo "2317"]
[BlackElo "2068"]
[Result "1-0"]
[Round "8"]
[TimeControl "180+2"]
[Date "2023.07.11"]
[WhiteClock "0:00:28"]
[BlackClock "0:00:15"]
[Board "129"]

1. Na3 d5 2. Nb5 Nf6 3. Nd4 c5 4. Ndf3 Nc6 5. Nh3 e5 6. Nhg5 h6 7. Nh3 Bd6 8. d3 Bg4 9. Nhg1 O-O 10. h3 Bh5 11. e3 e4 12. g4 Nxg4 13. hxg4 Bxg4 14. Be2 exf3 15. Bxf3 Bxf3 16. Nxf3 Qf6 17. Qe2 Rfe8 18. c3 b5 19. Bd2 b4 20. O-O-O bxc3 21. Bxc3 d4 22. Bd2 Rab8 23. e4 Ne5 24. Nh4 Bf8 25. Nf5 Qb6 26. Bxh6 gxh6 27. Rdg1+ Kh7 28. b3 c4 29. dxc4 d3 30. Qh5 d2+ 31. Kb1 Qxf2 32. Qxh6+ Bxh6 33. Rxh6# 1-0


[Site "https://www.chess.com"]

[Event "Titled Tuesday Blitz July 11 Late 2023"]
[White "Fominykh, Maria"]
[Black "Gamboa, Juan Pablo"]
[WhiteFideId "4142411"]
[BlackFideId "105180"]
[WhiteElo "2193"]
[BlackElo "1931"]
[Result "1-0"]
[Round "8"]
[TimeControl "180+2"]
[Date "2023.07.11"]
[WhiteClock "0:00:12"]
[BlackClock "0:00:20"]
[Board "130"]

1. d4 e6 2. c4 d5 3. Nc3 c5 4. cxd5 exd5 5. Nf3 Nc6 6. g3 Nf6 7. Bg2 cxd4 8. Nxd4 Bc5 9. Nb3 Bb6 10. O-O d4 11. Na4 O-O 12. Nxb6 Qxb6 13. Bg5 Re8 14. Bxf6 gxf6 15. Bxc6 bxc6 16. Qxd4 Qxd4 17. Nxd4 c5 18. Nb3 Rxe2 19. Nxc5 Rxb2 20. Rfe1 Bh3 21. Nd3 Rd2 22. Nf4 Bf5 23. a4 a5 24. Rad1 Rxd1 25. Rxd1 Bc2 26. Rd4 Rb8 27. Nd5 Kg7 28. Ne3 Bb1 29. Rg4+ Kf8 30. Nd5 Bf5 31. Rf4 Bh3 32. f3 Rb2 33. Nxf6 Rg2+ 34. Kh1 Ra2 35. Kg1 Rg2+ 36. Kf1 Rxh2+ 37. Ke1 h6 38. Nd5 Ra2 39. Nc3 Ra1+ 40. Kd2 Bd7 41. Rd4 Ke7 42. g4 Ke6 43. Ke3 Ra3 44. Kd2 Bc6 45. f4 f5 46. g5 hxg5 47. fxg5 f4 48. Rxf4 Ke5 49. Rf6 Bxa4 50. Rf3 Be8 51. Re3+ Kf5 52. Rxe8 Kxg5 53. Re5+ Kf4 54. Rb5 Ra1 55. Kc2 a4 56. Kb2 a3+ 57. Kxa1 Ke3 58. Na4 Kd2 59. Rb3 Kc2 60. Rxa3 Kc1 61. Ra2 Kd1 62. Rb2 Kc1 63. Ka2 Kd1 64. Kb3 Kc1 65. Kc3 Kd1 66. Kd3 Ke1 67. Ke3 Kd1 68. Nc3+ Kc1 69. Rb1+ Kc2 70. Ra1 Kxc3 71. Rd1 Kb3 72. Rd2 Kc3 73. Rd3+ Kc4 74. Ke4 Kc5 75. Rd4 Kc6 76. Ke5 Kc5 77. Ke4 Kc6 78. Rd5 Kb7 79. Kd4 Kc6 80. Kc4 Kb7 81. Kc5 Kc7 82. Rd6 Kb7 83. Rc6 Kb8 84. Kb6 Ka8 85. Rc8# 1-0


[Site "https://www.chess.com"]

[Event "Titled Tuesday Blitz July 11 Late 2023"]
[White "Sainz Aguirre, Ignacio"]
[Black "Khairat , Ahmed"]
[WhiteFideId "5101727"]
[BlackFideId "10624171"]
[WhiteElo "1996"]
[BlackElo "2356"]
[Result "0-1"]
[Round "8"]
[TimeControl "180+2"]
[Date "2023.07.11"]
[WhiteClock "0:00:05"]
[BlackClock "0:02:04"]
[Board "131"]

1. e4 e5 2. Nf3 Nc6 3. Bc4 Nf6 4. Ng5 d5 5. exd5 Na5 6. Bb5+ c6 7. dxc6 bxc6 8. Qf3 Be7 9. Bd3 O-O 10. Nc3 h6 11. Nge4 Nd5 12. Ng3 Nb7 13. O-O Nc5 14. Bf5 Bb7 15. d3 g6 16. Bh3 Kg7 17. Nf5+ gxf5 18. Bxf5 Bg5 19. Qg4 Kh8 20. Nxd5 cxd5 21. f4 exf4 22. Bxf4 Rg8 23. Qh5 Bxf4 24. Rxf4 Qg5 25. Qxg5 Rxg5 26. Raf1 Rag8 27. g3 Ne6 28. Rh4 Kg7 29. Bxe6 fxe6 0-1


[Site "https://www.chess.com"]

[Event "Titled Tuesday Blitz July 11 Late 2023"]
[White "Oliveira, Tiago Batista"]
[Black "Blackwhite017"]
[WhiteFideId "2108291"]
[WhiteElo "2153"]
[BlackElo "2011"]
[Result "1/2-1/2"]
[Round "8"]
[TimeControl "180+2"]
[Date "2023.07.11"]
[WhiteClock "0:00:04"]
[BlackClock "0:00:22"]
[Board "132"]

1. d4 d5 2. c4 c6 3. Nf3 Nf6 4. Qc2 g6 5. Nc3 Bg7 6. e3 O-O 7. Bd2 Bg4 8. Ne5 Nbd7 9. Nxg4 Nxg4 10. Bd3 e6 11. h3 Ngf6 12. b4 a6 13. O-O b5 14. cxb5 cxb5 15. Rac1 Nb6 16. a4 bxa4 17. Nxa4 Nxa4 18. Qxa4 Qb6 19. Rc6 Qb7 20. Rfc1 Ne4 21. Be1 Rfb8 22. Bxa6 Qe7 23. Rc8+ Bf8 24. Rxb8 Rxb8 25. b5 Nd6 26. Bb4 Qa7 27. Bc5 Qd7 28. Qb4 Ne4 29. Bxf8 Rxf8 30. b6 Rb8 31. b7 Nd6 32. Qc5 Nxb7 33. Qa7 Qd6 34. Bxb7 Qe7 35. Rb1 Rd8 36. Qa6 Rd7 37. Qa8+ Kg7 38. Qc8 Rc7 39. Qb8 Rc2 40. Ba6 Qf6 41. Rf1 h5 42. Qe5 Qxe5 43. dxe5 Kf8 44. Bd3 Rd2 45. Bc2 Rxc2 46. Rb1 Rc3 47. Rb7 Kg7 48. Rb8 Rc1+ 49. Kh2 Rc4 50. f4 Re4 51. Rb3 d4 52. exd4 Rxf4 53. Rd3 Re4 54. Kg3 g5 55. Kf3 Re1 56. g4 h4 57. Kg2 Re2+ 58. Kf3 Rh2 59. Ke4 Kg6 60. d5 exd5+ 61. Kxd5 Re2 62. Kd6 Rg2 63. Rf3 Rg3 64. Rf6+ Kg7 65. Ke7 Rxh3 66. Rxf7+ Kg6 67. Rf6+ Kg7 68. Rf5 Kg6 69. e6 Re3 70. Rf6+ Kg7 71. Rf7+ Kg6 72. Rf5 h3 73. Rf6+ Kg7 74. Rf7+ Kg6 75. Rf6+ Kg7 76. Rf7+ Kg8 77. Rf8+ Kg7 78. Rf7+ 1/2-1/2


[Site "https://www.chess.com"]

[Event "Titled Tuesday Blitz July 11 Late 2023"]
[White "Semenova, Alina"]
[Black "Hartikainen, Jarmo"]
[WhiteFideId "24113875"]
[BlackFideId "503134"]
[WhiteElo "2059"]
[BlackElo "2104"]
[Result "1-0"]
[Round "8"]
[TimeControl "180+2"]
[Date "2023.07.11"]
[WhiteClock "0:00:06"]
[BlackClock "0:00:00"]
[Board "133"]

1. e4 c5 2. Nf3 Nc6 3. d4 cxd4 4. Nxd4 Nf6 5. Nc3 d6 6. Bg5 Bd7 7. Qd2 a6 8. f3 e6 9. O-O-O Be7 10. g4 Qc7 11. h4 b5 12. h5 h6 13. Bh4 Ne5 14. Be2 b4 15. Nb1 a5 16. f4 Nexg4 17. Bxg4 Nxg4 18. Bxe7 Kxe7 19. f5 Ne5 20. fxe6 fxe6 21. Qg2 Rhg8 22. Nd2 Rac8 23. Kb1 Nc4 24. Nxc4 Qxc4 25. Qg3 Qc5 26. Rhf1 a4 27. Qh4+ Ke8 28. Qg4 Qe5 29. Qg6+ Kd8 30. Qf7 1-0


[Site "https://www.chess.com"]

[Event "Titled Tuesday Blitz July 11 Late 2023"]
[White "Tsukerman, Julia"]
[Black "Gyulamiryan-koryun"]
[WhiteFideId "2621649"]
[WhiteElo "2080"]
[BlackElo "1866"]
[Result "1-0"]
[Round "8"]
[TimeControl "180+2"]
[Date "2023.07.11"]
[WhiteClock "0:00:11"]
[BlackClock "0:00:00"]
[Board "134"]

1. e4 e5 2. Nf3 Nc6 3. Bb5 a6 4. Ba4 Nf6 5. d3 d6 6. c3 Be7 7. O-O O-O 8. h3 b5 9. Bb3 Be6 10. Bc2 b4 11. d4 exd4 12. cxd4 Bc4 13. Re1 d5 14. e5 Ne4 15. Bxe4 dxe4 16. Rxe4 Qd5 17. Nbd2 Bxa2 18. b3 Bxb3 19. Qxb3 Rfd8 20. Bb2 a5 21. Rc1 Qb5 22. Qc4 Qxc4 23. Rxc4 Ra6 24. Nb3 Rd5 25. e6 f5 26. Re1 a4 27. Nc5 Bxc5 28. dxc5 a3 29. Ba1 b3 30. e7 Nxe7 31. Rxe7 b2 32. Bxb2 axb2 33. Rb4 Ra1+ 34. Re1 Rdd1 35. Rxb2 Rxe1+ 36. Nxe1 Rxe1+ 37. Kh2 Rc1 38. Rb5 c6 39. Rb8+ Kf7 40. Rb7+ Kf6 41. Rc7 Rxc5 42. Kg3 g5 43. f3 h5 44. h4 f4+ 45. Kh3 gxh4 46. Kxh4 Ke6 47. Kh3 Kd6 48. Rh7 Re5 49. Rh6+ Kd5 50. Kh4 c5 51. g4 fxg3 52. Kxg3 c4 53. Rh8 Kd4 54. Rd8+ Rd5 55. Rc8 Rc5 56. Rd8+ Ke5 57. f4+ 1-0


[Site "https://www.chess.com"]

[Event "Titled Tuesday Blitz July 11 Late 2023"]
[White "Lutz, Igor Oscar"]
[Black "Awoki, Daniel Teidi"]
[WhiteFideId "2110806"]
[BlackFideId "2100827"]
[WhiteElo "1972"]
[BlackElo "2313"]
[Result "0-1"]
[Round "8"]
[TimeControl "180+2"]
[Date "2023.07.11"]
[WhiteClock "0:00:14"]
[BlackClock "0:01:44"]
[Board "135"]

1. d4 Nf6 2. c4 e6 3. g3 d5 4. Nf3 Be7 5. Bg2 O-O 6. O-O dxc4 7. Ne5 Nc6 8. Nxc6 bxc6 9. Bxc6 Rb8 10. Bg2 c5 11. dxc5 Bxc5 12. Nc3 Bb7 13. Qa4 Bxg2 14. Kxg2 Qc7 15. Qxc4 Qc6+ 16. e4 Rb4 17. Qd3 Nxe4 18. Nxe4 Rxe4 19. Qf3 Rc8 20. Bd2 Re2 21. Qxc6 Rxc6 22. Bc3 h5 23. Rad1 Bb6 24. Kf3 Rc2 25. Rd2 R6xc3+ 26. bxc3 Rxd2 0-1


[Site "https://www.chess.com"]

[Event "Titled Tuesday Blitz July 11 Late 2023"]
[White "Firouzja, Alireza"]
[Black "Carlsen, Magnus"]
[WhiteFideId "12573981"]
[BlackFideId "1503014"]
[WhiteElo "3110"]
[BlackElo "3281"]
[Result "0-1"]
[Round "9"]
[TimeControl "180+2"]
[Date "2023.07.11"]
[WhiteClock "0:00:00"]
[BlackClock "0:00:08"]
[Board "1"]

1. d4 a6 2. a3 e6 3. e4 d5 4. e5 c5 5. c3 Bd7 6. Nf3 Bb5 7. Bxb5+ axb5 8. dxc5 Bxc5 9. O-O Nc6 10. Nbd2 Nge7 11. Nb3 Ba7 12. Qe2 Qd7 13. Rd1 O-O 14. Nbd4 Nxd4 15. Nxd4 Bxd4 16. Rxd4 Ra4 17. Be3 Nf5 18. Rb4 Rxb4 19. axb4 Qc6 20. Bc5 Rc8 21. g4 Nh4 22. Bd4 g5 23. f4 Qc4 24. Qxc4 bxc4 25. Kf2 gxf4 26. b5 h5 27. h3 hxg4 28. hxg4 Kg7 29. Ra7 Rc7 30. b6 Rd7 31. Bc5 Kg6 32. Bd6 Kg5 33. Bc7 d4 34. cxd4 Rxd4 35. Rxb7 Rd2+ 36. Kf1 Rxb2 37. Bd8+ Kxg4 38. Bxh4 Kxh4 39. Rxf7 Kg3 40. b7 f3 41. Ke1 f2+ 42. Kd1 Rxb7 0-1


[Site "https://www.chess.com"]

[Event "Titled Tuesday Blitz July 11 Late 2023"]
[White "Nakamura, Hikaru"]
[Black "Bortnyk, Mykola"]
[WhiteFideId "2016192"]
[BlackFideId "14120836"]
[WhiteElo "3239"]
[BlackElo "3009"]
[Result "1-0"]
[Round "9"]
[TimeControl "180+2"]
[Date "2023.07.11"]
[WhiteClock "0:00:58"]
[BlackClock "0:00:37"]
[Board "2"]

1. a3 e5 2. c4 c6 3. Nf3 e4 4. Nd4 d5 5. d3 Nf6 6. cxd5 cxd5 7. Nc3 Bc5 8. Nb3 Bb6 9. d4 h6 10. Bf4 Nh5 11. Be5 Nc6 12. e3 Nf6 13. Bxf6 gxf6 14. Qh5 Be6 15. g3 Qd7 16. Be2 O-O-O 17. O-O-O f5 18. Kb1 Kb8 19. Na4 Rc8 20. Nac5 Qd6 21. Rc1 Na5 22. Nxa5 Bxa5 23. Rc2 Bb6 24. Rhc1 Bxc5 25. Rxc5 Rxc5 26. Rxc5 b6 27. Rc3 Kb7 28. Qh4 Qd8 29. Qf4 Qb8 30. Qh4 Qd8 31. Qh5 Qg5 32. Qh3 f4 33. Qf1 fxg3 34. fxg3 Qe7 35. Ba6+ Kb8 36. Qf4+ Ka8 37. Rc7 Qg5 38. Bb7+ Kb8 39. Qd6 1-0


[Site "https://www.chess.com"]

[Event "Titled Tuesday Blitz July 11 Late 2023"]
[White "Deac, Bogdan-Daniel"]
[Black "Fedoseev, Vladimir"]
[WhiteFideId "1226380"]
[BlackFideId "24130737"]
[WhiteElo "3005"]
[BlackElo "3085"]
[Result "1-0"]
[Round "9"]
[TimeControl "180+2"]
[Date "2023.07.11"]
[WhiteClock "0:00:05"]
[BlackClock "0:00:39"]
[Board "3"]

1. d4 d5 2. c4 c6 3. Nf3 Nf6 4. Qb3 dxc4 5. Qxc4 Bf5 6. g3 e6 7. Bg2 Be7 8. O-O O-O 9. e3 Nbd7 10. Qe2 h6 11. Rd1 Rc8 12. Nc3 Ne4 13. Nd2 Nxc3 14. bxc3 e5 15. e4 Bg6 16. Nc4 Qc7 17. Bh3 Nf6 18. Bxc8 Qxc8 19. f3 exd4 20. cxd4 Qe6 21. Ne5 Bh7 22. Bb2 Rd8 23. Qc4 Nd7 24. Qxe6 fxe6 25. Nc4 Bg6 26. Ba3 Bxa3 27. Nxa3 Rf8 28. Kg2 e5 29. d5 c5 30. Rab1 b6 31. Nc4 Rb8 32. a4 Kf8 33. Rb2 Ke7 34. Rdb1 Rf8 35. a5 Bh5 36. g4 Bg6 37. axb6 axb6 38. Nxb6 Nf6 39. Nc4 Nxe4 40. Rb7+ Kf6 41. R1b6+ Kg5 42. Nxe5 Be8 43. fxe4 Kf4 44. Ng6+ Bxg6 45. Rxg6 Ke3 46. Rb2 c4 47. Rc6 Kd3 48. d6 Rd8 49. e5 Kd4 50. e6 Kd5 51. e7 Rb8 52. Rxb8 Kxc6 53. e8=Q+ Kxd6 54. Qd8+ Kc5 55. Rc8+ 1-0


[Site "https://www.chess.com"]

[Event "Titled Tuesday Blitz July 11 Late 2023"]
[White "Caruana, Fabiano"]
[Black "Maksimovic, Bojan"]
[WhiteFideId "2020009"]
[BlackFideId "14408120"]
[WhiteElo "3111"]
[BlackElo "2869"]
[Result "1-0"]
[Round "9"]
[TimeControl "180+2"]
[Date "2023.07.11"]
[WhiteClock "0:00:03"]
[BlackClock "0:00:00"]
[Board "4"]

1. d4 Nf6 2. c4 g6 3. Nc3 Bg7 4. e4 d6 5. h3 Nbd7 6. Be3 e5 7. d5 Nc5 8. Qc2 a5 9. g4 h5 10. g5 Nh7 11. Nf3 O-O 12. O-O-O b6 13. Be2 Bd7 14. Kb1 Kh8 15. a3 Qe8 16. h4 f5 17. gxf6 Rxf6 18. Nd2 Qf8 19. Rdg1 Bh6 20. Bxh6 Qxh6 21. f3 a4 22. Ka2 Rg8 23. Nb5 Bxb5 24. cxb5 g5 25. hxg5 Rxg5 26. Rxg5 Qxg5 27. f4 Qxf4 28. Rxh5 Qe3 29. Qd1 Kg7 30. Rh2 Rg6 31. Bg4 Nf6 32. Rh3 Qf2 33. Rf3 Qd4 34. Bh3 Rg1 35. Qc2 Rh1 36. Rg3+ Kf7 37. Be6+ Kf8 38. Rf3 Ke7 39. Rg3 Rg1 40. Rxg1 Qxg1 41. Nb1 Qd4 42. Nc3 Nfxe4 43. Nxe4 Qxe4 44. Qh2 Qc4+ 45. Kb1 Qd3+ 46. Ka1 Nb3+ 47. Ka2 Nc1+ 48. Ka1 Nb3+ 49. Ka2 Qe4 50. Qg1 Kf6 51. Qf2+ Kg5 52. Qg3+ Kf6 53. Qf2+ Kg5 54. Qg3+ Kf6 55. Qg1 Nc5 56. Qf2+ Qf4 57. Qg2 Qc4+ 58. Ka1 Qc1+ 59. Ka2 Qc4+ 60. Ka1 Nxe6 61. dxe6 Kxe6 62. Qg8+ 1-0


[Site "https://www.chess.com"]

[Event "Titled Tuesday Blitz July 11 Late 2023"]
[White "Sarana, Alexey"]
[Black "Martinez Alcantara, Jose Eduardo"]
[WhiteFideId "24133795"]
[BlackFideId "3805662"]
[WhiteElo "3061"]
[BlackElo "3019"]
[Result "1-0"]
[Round "9"]
[TimeControl "180+2"]
[Date "2023.07.11"]
[WhiteClock "0:00:04"]
[BlackClock "0:00:00"]
[Board "5"]

1. d4 Nf6 2. c4 g6 3. Nc3 d6 4. e4 Bg7 5. Bd3 e5 6. d5 a5 7. Nge2 Na6 8. f3 Nc5 9. Bc2 Bd7 10. Be3 O-O 11. Qd2 c6 12. O-O cxd5 13. cxd5 b5 14. a4 b4 15. Nd1 Rc8 16. Nf2 Be8 17. Rfc1 Nfd7 18. Nd3 f5 19. b3 fxe4 20. Nxc5 Nxc5 21. fxe4 Bd7 22. Ng3 h5 23. h3 Kh7 24. Kh2 Qe7 25. Rf1 Rxf1 26. Rxf1 Rf8 27. Rxf8 Qxf8 28. Qf2 Qe7 29. Nf1 Bc8 30. Bxc5 dxc5 31. Bd3 h4 32. Ne3 Bh6 33. Nc4 Bf4+ 34. Kh1 Qg5 35. Nxa5 Kg7 36. Nc4 Ba6 37. a5 Bg3 38. Qxc5 Qc1+ 39. Qg1 Qc3 40. Bf1 Qe1 41. Qa7+ Kg8 42. Kg1 Bxc4 43. Qb8+ Kh7 44. Qc7+ Kh6 45. Qxc4 Bf4 46. Qe2 Qg3 47. Qf3 Qe1 48. a6 Qd2 49. Qe2 Qc3 50. Qd3 Qe1 51. Qe2 Qc3 52. Qf3 Qd2 53. Kh1 Qa2 54. Qg4 Qf2 55. Qf3 Qa2 56. Qd3 Qf2 57. Qe2 Qd4 58. Qe1 Kg5 59. Be2 Bg3 60. Qf1 Bf4 61. Bf3 Kh6 62. Qe1 Kg5 63. Qg1 Be3 64. Qf1 Bf4 65. Qb1 Qf2 66. Qd1 Qg3 67. Kg1 Be3+ 68. Kh1 Bf4 69. Qg1 1-0


[Site "https://www.chess.com"]

[Event "Titled Tuesday Blitz July 11 Late 2023"]
[White "Shimanov, Aleksandr"]
[Black "Bluebaum, Matthias"]
[WhiteFideId "4198603"]
[BlackFideId "24651516"]
[WhiteElo "2941"]
[BlackElo "3047"]
[Result "1/2-1/2"]
[Round "9"]
[TimeControl "180+2"]
[Date "2023.07.11"]
[WhiteClock "0:00:07"]
[BlackClock "0:00:22"]
[Board "6"]

1. c4 e6 2. Nf3 d5 3. g3 Nf6 4. Bg2 Nc6 5. O-O Bd6 6. b3 O-O 7. Bb2 d4 8. e3 e5 9. exd4 Nxd4 10. Nxd4 exd4 11. d3 c5 12. Nd2 Bg4 13. Qc2 Qd7 14. Rfe1 Rae8 15. b4 h5 16. bxc5 Bxc5 17. Nb3 b6 18. Qd2 Bh3 19. Qf4 Bxg2 20. Kxg2 Qc6+ 21. Qf3 Qd6 22. h3 a5 23. a4 Nd7 24. Qd5 Qxd5+ 25. cxd5 Nf6 26. Nxc5 bxc5 27. Ba3 Rxe1 28. Rxe1 Rc8 29. d6 c4 30. dxc4 Rxc4 31. Rd1 Rxa4 32. Bb2 Nd7 33. Bxd4 f6 34. Bc3 Ra3 35. Rc1 Kf7 36. Re1 Rxc3 37. Re7+ Kg6 38. Rxd7 Rd3 39. Ra7 Rxd6 40. Rxa5 Rd4 41. h4 Rb4 42. Rc5 Ra4 43. Rb5 Rc4 44. Ra5 Rb4 45. Rc5 Ra4 46. Rb5 Rc4 47. Ra5 Rb4 1/2-1/2


[Site "https://www.chess.com"]

[Event "Titled Tuesday Blitz July 11 Late 2023"]
[White "Paravyan, David"]
[Black "Moroni, Luca Jr"]
[WhiteFideId "4194985"]
[BlackFideId "865834"]
[WhiteElo "3023"]
[BlackElo "2865"]
[Result "1-0"]
[Round "9"]
[TimeControl "180+2"]
[Date "2023.07.11"]
[WhiteClock "0:00:26"]
[BlackClock "0:00:04"]
[Board "7"]

1. e4 e5 2. Nf3 Nc6 3. Bb5 a6 4. Ba4 d6 5. O-O Bd7 6. c3 g6 7. d4 Bg7 8. Be3 Nf6 9. Nbd2 O-O 10. h3 Re8 11. Bc2 b5 12. Re1 Nh5 13. Rc1 Na5 14. b3 Qc8 15. Nf1 c5 16. d5 c4 17. b4 Nb7 18. a4 a5 19. axb5 axb4 20. cxb4 Bxb5 21. Bd3 cxd3 22. Rxc8 Rexc8 23. g3 Nf6 24. N1d2 Rc2 25. Rf1 Raa2 26. Ne1 Rxd2 27. Bxd2 Nxe4 28. Nf3 h6 29. Re1 f5 30. Rxe4 fxe4 31. Nh4 Rb2 32. Nxg6 Nd8 33. Ne7+ Kf7 34. Nf5 Bf6 35. Qh5+ Kg8 36. Qg6+ 1-0


[Site "https://www.chess.com"]

[Event "Titled Tuesday Blitz July 11 Late 2023"]
[White "Oparin, Grigoriy"]
[Black "Bolourchifard, Farzad"]
[WhiteFideId "24125890"]
[BlackFideId "12510084"]
[WhiteElo "2990"]
[BlackElo "2700"]
[Result "0-1"]
[Round "9"]
[TimeControl "180+2"]
[Date "2023.07.11"]
[WhiteClock "0:00:00"]
[BlackClock "0:00:12"]
[Board "8"]

1. Nf3 d5 2. g3 Nf6 3. Bg2 Bf5 4. c4 e6 5. Qb3 Qc8 6. O-O c6 7. d3 Be7 8. cxd5 exd5 9. Nc3 O-O 10. e4 dxe4 11. Nd4 Bh3 12. dxe4 Bxg2 13. Kxg2 Na6 14. Nf5 Bc5 15. Qc4 Qe6 16. Qxe6 fxe6 17. Ne3 Nb4 18. a3 Bxe3 19. axb4 Bd4 20. f3 a6 21. Bd2 Rad8 22. Rfd1 Rd7 23. Be1 Rfd8 24. Na4 Ne8 25. Bf2 Bxf2 26. Rxd7 Rxd7 27. Kxf2 Rd4 28. Nc5 Rxb4 29. Nxe6 Rxb2+ 30. Ke3 Kf7 31. Nc5 Ke7 32. h4 Rb5 33. Rc1 a5 34. g4 b6 35. Nd3 c5 36. Ne5 Nd6 37. Rd1 Rb3+ 38. Kf4 a4 39. Nc6+ Ke6 40. e5 Nb5 41. Nd8+ Ke7 42. Nc6+ Ke6 43. Nd8+ Ke7 44. Nc6+ Kf7 45. Rd8 Nd4 0-1


[Site "https://www.chess.com"]

[Event "Titled Tuesday Blitz July 11 Late 2023"]
[White "Matinian, Nikita"]
[Black "Hong, Andrew"]
[WhiteFideId "24129100"]
[BlackFideId "2099438"]
[WhiteElo "2724"]
[BlackElo "3067"]
[Result "0-1"]
[Round "9"]
[TimeControl "180+2"]
[Date "2023.07.11"]
[WhiteClock "0:00:22"]
[BlackClock "0:01:34"]
[Board "9"]

1. e4 c6 2. d4 d5 3. e5 Bf5 4. Nf3 e6 5. Be2 Ne7 6. O-O h6 7. Nbd2 Nd7 8. Nb3 Qc7 9. a4 g5 10. Ne1 c5 11. dxc5 Nc6 12. Nd3 Ndxe5 13. Nxe5 Nxe5 14. f4 Bxc5+ 15. Kh1 Nd7 16. Bb5 O-O-O 17. a5 a6 18. Bxd7+ Rxd7 19. Nxc5 Qxc5 20. Ra3 d4 21. fxg5 hxg5 22. Bxg5 Bxc2 23. Qd2 Kb8 24. Bf6 Rh5 25. Rg3 Bg6 26. b4 Qc4 27. Rc1 Rf5 28. Be5+ Ka7 29. Qe1 Rxe5 30. Qg1 Qxb4 31. Rh3 Rc5 0-1


[Site "https://www.chess.com"]

[Event "Titled Tuesday Blitz July 11 Late 2023"]
[White "Andreikin, Dmitry"]
[Black "Gordievsky, Dmitry"]
[WhiteFideId "4158814"]
[BlackFideId "24112798"]
[WhiteElo "3006"]
[BlackElo "2910"]
[Result "1/2-1/2"]
[Round "9"]
[TimeControl "180+2"]
[Date "2023.07.11"]
[WhiteClock "0:01:25"]
[BlackClock "0:00:51"]
[Board "10"]

1. e4 c5 2. Nc3 e6 3. Nge2 Nc6 4. d4 cxd4 5. Nxd4 Nf6 6. Be2 Bb4 7. O-O Bxc3 8. bxc3 Nxe4 9. Bf3 d5 10. Nxc6 bxc6 11. Ba3 c5 12. c4 O-O 13. cxd5 exd5 14. c4 Ba6 15. Rc1 Re8 16. Re1 Bxc4 17. Bxe4 Rxe4 18. Rxe4 dxe4 19. Qxd8+ Rxd8 20. Bxc5 Bxa2 21. Bxa7 Be6 22. Rb1 1/2-1/2


[Site "https://www.chess.com"]

[Event "Titled Tuesday Blitz July 11 Late 2023"]
[White "He, Anthony"]
[Black "Warmerdam, Max"]
[WhiteFideId "2088215"]
[BlackFideId "1048104"]
[WhiteElo "2979"]
[BlackElo "2817"]
[Result "0-1"]
[Round "9"]
[TimeControl "180+2"]
[Date "2023.07.11"]
[WhiteClock "0:01:06"]
[BlackClock "0:01:01"]
[Board "11"]

1. e4 c6 2. Nf3 d5 3. d3 dxe4 4. dxe4 Qxd1+ 5. Kxd1 Nf6 6. Nbd2 g6 7. Ne1 h5 8. f3 Bh6 9. c3 h4 10. Kc2 Be6 11. a4 Nbd7 12. a5 Ne5 13. Nd3 Nxd3 14. Bxd3 O-O-O 15. Rd1 h3 16. g4 Bf4 17. Nf1 g5 18. Bxf4 gxf4 19. Be2 Nh7 20. Rxd8+ Rxd8 21. Nd2 Ng5 22. Rf1 Kc7 23. b4 f6 24. Rf2 b6 25. axb6+ axb6 26. Kb2 Ra8 27. Bc4 Bxc4 28. Nxc4 b5 29. Nd2 Nf7 30. Rf1 Ne5 31. Kb3 Kb7 32. Rd1 Rd8 33. Kc2 Rd3 34. Rf1 Re3 35. Rf2 Kc7 36. Kb3 Nd3 37. Rf1 Re2 38. Kc2 Ne5 39. Kd1 Rxh2 40. Rg1 Rxd2+ 0-1


[Site "https://www.chess.com"]